 Dungeon Crawl Stone Soup version 0.24-a0-447-ge8da9206dc (webtiles) character file.

Game seed: 2960892095957272509

1666 KristoblXynda the Nimble (level 8, -2/40 HPs)
             Began as a Spriggan Berserker on June 25, 2019.
             Was an Elder of Trog.
             Slain by a wyvern (7 damage)
             ... on level 7 of the Dungeon.
             The game lasted 00:15:29 (8272 turns).

KristoblXynda the Nimble (Spriggan Berserker)       Turns: 8272, Time: 00:15:30

Health: -2/40      AC:  4    Str: 15    XL:     8   Next: 69%
Magic:  12/12      EV: 24    Int:  9    God:    Trog [****..]
Gold:   126        SH:  0    Dex: 15    Spells: 7/7 levels left

rFire    . . .     SeeInvis +   j - +2 dagger (venom)
rCold    . . .     Gourm    .   (shield restricted)
rNeg     . . .     Faith    .   b - +0 animal skin
rPois    +         Spirit   .   (helmet restricted)
rElec    .         Reflect  .   d - +1 cloak (curse)
rCorr    .         Harm     .   (gloves unavailable)
MR       +....                  (boots unavailable)
Stlth    ++++......             (no amulet)
HPRegen  0.13/turn              z - ring of poison resistance
MPRegen  0.13/turn              (no ring)

@: very slightly contaminated, hasted, invisible, very quick
A: very small, unfitting armour, see invisible, herbivore, speed 3, slow
metabolism 2
a: Berserk, Trog's Hand, Brothers in Arms, Renounce Religion


You were on level 7 of the Dungeon.
You worshipped Trog.
Trog was greatly pleased with you.
You were near starving.

You visited 2 branches of the dungeon, and saw 8 of its levels.

You collected 386 gold pieces.
You spent 260 gold pieces at shops.

Inventory:

Hand Weapons
 g - a +0 hunting sling
 j - a +2 dagger of venom (weapon)
Missiles
 l - 36 sling bullets
Armour
 b - a +0 animal skin (worn)
 d - a cursed +1 cloak (worn)
Jewellery
 z - a ring of poison resistance (left hand)
 C - an uncursed ring of fire {unknown}
Wands
 u - a wand of paralysis (5)
 y - a wand of iceblast (2)
Scrolls
 c - a scroll of remove curse
 e - a scroll of enchant armour
 h - a scroll of enchant weapon
 i - a scroll of teleportation
 q - 3 scrolls of amnesia
Potions
 n - a potion of flight
 o - a potion of haste
 p - a potion of curing
 v - a potion of berserk rage {unknown}
 w - a potion of resistance {unknown}
 x - a potion of cancellation {unknown}
 A - a potion of might
Comestibles
 k - a ration


   Skills:
 - Level 3.0 Fighting
 + Level 6.9 Short Blades
 - Level 3.4 Slings
 + Level 9.1 Dodging
 + Level 8.4 Stealth
 + Level 5.1 Evocations


You had 7 spell levels left.
You didn't know any spells.
Your spell library was empty.

Dungeon Overview and Level Annotations

Branches:
Dungeon (7/15)             Temple (1/1) D:7

Altars:
Ashenzari
Dithmenos
Fedhas
Gozag
Hepliaklqana
Kikubaaqudgha
Makhleb
Nemelex Xobeh
Okawaru
Qazlal
Ru
Sif Muna
Trog
Uskayaw
Vehumet
Wu Jian
Xom
Yredelemnul

Shops:
D:5 =!=


Innate Abilities, Weirdness & Mutations

You are very small and have problems with some larger weapons.
You are too small for most types of armour.
You have supernaturally acute eyesight. (SInv)
You are a herbivore.
You cover ground extremely quickly.
You need to consume almost no food.


Message History

You hit the wyvern but do no damage. The wyvern bites you.
You hit the wyvern.
The wyvern is lightly wounded.
The wyvern closely misses you.
You hit the wyvern.
The wyvern is poisoned.
The wyvern is lightly wounded.
The wyvern bites you!
You hit the wyvern but do no damage.
The wyvern looks as sick as possible!
The wyvern is lightly wounded.
The wyvern closely misses you.
Okay, then.
It was a potion of invisibility.
You fade into invisibility!
The wyvern misses you.
The orc priest calls down the wrath of Beogh upon you.
Beogh smites you!
* * * LOW HITPOINT WARNING * * *
You are very lightly contaminated with residual magic.
You feel yourself speed up. The wyvern bites you!
You die...

*,,,,,,,,,,,,,,,,,,,,,,,..##.
****+*****************######.##.
*,,,,,* #######....#.#..
*,,,,,*** #.......##.#...#
**,,,,,,,* #.......##.#..##
,,,*,,,,,* #.......##.#..#.
**,*,,,,,* #..........#.##.
**,*,,,,.#########.......####.#..
,,,,,,,,,.......@l............#..
*,,,,****.#..#####.o....#####.##.
*,,,,* *,#..........#<...###..#.
*,,,,* *,#...#.#.....###......##
≈,,,,* *,#..#.#.#....+......#..#
≈*+*** #.#.#.#.#.#...######.##..
≈,,*****#'...#o>.#....# #.###.
,,,,,,,....o#l#)#.#.### #.####
,,,,,,,......#.#.#..# #.....


You could see a wyvern and an orc priest.

Vanquished Creatures
  Menkaure (D:6)
  2 orc warriors
  A black bear (D:6)
  2 ogres
  2 crimson imps
  A centaur zombie (D:7)
  3 bullfrog zombies
  6 orc priests
  4 orc wizards
  3 hounds
  2 jellies
  4 iguanas
  4 worker ants
  A hound skeleton (D:5)
  A hound zombie (D:5)
  A howler monkey skeleton (D:4)
  8 adders
  2 shadow imps
  An ooze (D:2)
  An adder zombie (D:5)
  An adder skeleton (D:4)
  A worm (D:4)
  A dart slug (D:1)
  3 leopard geckos
  24 orcs
  3 giant cockroaches
  8 hobgoblins
  9 jackals
  4 quokkas
  7 bats
  5 frilled lizards
  6 goblins
  8 kobolds
  A leopard gecko skeleton (D:4)
  6 rats
137 creatures vanquished.

Vanquished Creatures (others)
  A plant (D:7)
1 creature vanquished.

Grand Total: 138 creatures vanquished

Notes
Turn   | Place    | Note
-------+----------+-------------------------------------------
     0 | D:1      | KristoblXynda the Spriggan Berserker began the quest for
                  | the Orb.
     0 | D:1      | Reached XP level 1. HP: 11/11 MP: 2/2
   184 | D:1      | Reached skill level 1 in Stealth
   222 | D:1      | Reached XP level 2. HP: 3/16 MP: 3/3
  1272 | D:2      | Reached XP level 3. HP: 18/19 MP: 4/4
  1424 | D:2      | Reached skill level 5 in Dodging
  1709 | D:2      | Found a shimmering altar of Xom.
  1761 | D:2      | Reached ** piety under Trog
  2631 | D:3      | Reached XP level 4. HP: 20/24 MP: 5/5
  3124 | D:4      | Reached skill level 1 in Slings
  3146 | D:4      | Reached XP level 5. HP: 21/28 MP: 6/6
  3896 | D:4      | Reached skill level 6 in Dodging
  4541 | D:5      | Entered Level 5 of the Dungeon
  4567 | D:5      | Reached XP level 6. HP: 31/32 MP: 7/7
  4600 | D:5      | Found a stormy altar of Qazlal.
  4604 | D:5      | Reached *** piety under Trog
  4779 | D:5      | Found Deimn's Jewellery Emporium.
  4842 | D:5      | Found Esazot's Distillery.
  4919 | D:5      | Reached skill level 5 in Stealth
  4984 | D:5      | Found a hazy altar of Hepliaklqana.
  5004 | D:5      | Reached skill level 5 in Short Blades
  5255 | D:5      | Reached XP level 7. HP: 35/36 MP: 8/8
  5440 | D:5      | Found Joluwn's Jewellery Shop.
  5456 | D:5      | Reached skill level 7 in Dodging
  5520 | D:5      | Reached skill level 1 in Evocations
  6021 | D:5      | Bought an uncursed ring of poison resistance for 260 gold
                  | pieces
  6058 | D:5      | Found a shadowy altar of Dithmenos.
  6326 | D:6      | Found an ornate altar of the Wu Jian Council.
  6839 | D:6      | Found a deep blue altar of Sif Muna.
  6842 | D:6      | Found a hide-covered altar of Uskayaw.
  6856 | D:6      | Reached XP level 8. HP: 40/40 MP: 11/11
  6873 | D:6      | Reached skill level 8 in Dodging
  7132 | D:6      | Noticed Menkaure
  7146 | D:6      | Killed Menkaure
  7314 | D:6      | Reached **** piety under Trog
  7967 | D:7      | Reached skill level 9 in Dodging
  8003 | D:7      | Reached skill level 5 in Evocations
  8024 | D:7      | Found a staircase to the Ecumenical Temple.
  8043 | Temple   | Entered the Ecumenical Temple
  8272 | D:7      | Slain by a wyvern

Levels and vault maps discovered:
D:1:      minmay_arrival_plants_in_alcoves, layout_basic, minmay_tall_x
D:2:      layout_loops_ring, lemuel_round_altar
D:3:      layout_loops_ring
D:4:      layout_loops_ring
D:5:      layout_gridville, old_standard_altar, overflow_temple_1_default,
          kennysheep_little_box, first_ration, serial_shops, shop,
          nicolae_shop_waterfront, shop, minmay_fountain_box,
          minmay_misc_feat_room
D:6:      layout_basic, overflow_temple_1_default,
          nicolae_overflow_hidden_temple, uniq_menkaure
D:7:      lemuel_castle_with_subvaults [lemuel_castle_interior_carwin_3],
          layout_basic, good_gods_mini_temple, minmay_temple_entry_grid,
          serial_bayou, serial_bayou_ford_a, serial_bayou_pond_e,
          serial_bayou_pond_a, serial_bayou_pond_d, minmay_misc_feat_iff
Temple:   grunt_temple_mini_profane

Skill      XL: |  1  2  3  4  5  6  7  8 |
---------------+-------------------------+-----
Stealth        | 1 2 3 4 5 6 8 |  8.4
Dodging        | 5 6 7 9 |  9.1
Fighting       | 3 |  3.0
Short Blades   | 4 5 6 |  6.9
Slings         | 1 2 3 |  3.4
Evocations     | 3 5 |  5.1

Action                   |  1- 3 |  4- 6 |  7- 9 || total
-------------------------+-------+-------+-------++-------
Melee: Short sword       |    45 |       |       ||    45
       Dagger            |    85 |   210 |   180 ||   475
 Fire: Hunting sling     |    11 |       |     3 ||    14
Invok: Berserk           |     1 |     1 |     2 ||     4
       Trog's Hand       |       |     1 |       ||     1
Evoke: Wand              |       |       |     7 ||     7
  Use: Scroll            |     1 |     8 |     9 ||    18
       Potion            |     1 |     1 |     2 ||     4
 Stab: Sleeping          |     6 |     5 |     7 ||    18
       Distracted        |     1 |       |       ||     1
       Paralysed         |       |       |     2 ||     2
  Eat: Ration            |     1 |     1 |     2 ||     4
Armor: Animal skin       |     8 |    14 |     8 ||    30
Dodge: Dodged            |   100 |   151 |   129 ||   380

Table legend:
 A = Non-vault XP
 B = Vault XP
 C = Vault XP percentage of total XP
 D = Non-vault monster count
 E = Vault monster count
 F = Vault count percentage of total count
                 A         B        C        D         E       F
            +---------+---------+-------+---------+---------+-------
      Total |    2198 |     182 |   7.6 |     132 |       5 |   3.6
            +---------+---------+-------+---------+---------+-------
        D:1 |      33 |       7 |  17.5 |      19 |       4 |  17.4
        D:2 |      23 |       0 |   0.0 |      12 |       0 |   0.0
        D:3 |      71 |       0 |   0.0 |      19 |       0 |   0.0
        D:4 |     222 |       0 |   0.0 |      22 |       0 |   0.0
        D:5 |     773 |       0 |   0.0 |      32 |       0 |   0.0
        D:6 |     914 |     175 |  16.1 |      21 |       1 |   4.5
        D:7 |     162 |       0 |   0.0 |       7 |       0 |   0.0
            +---------+---------+-------+---------+---------+-------
